 Dungeon Crawl Stone Soup version 0.18.1-8-gdd0e5ea (webtiles) character file.

12583 rockintein the Severer (level 11, -11/156 HPs)
             Began as a Minotaur Berserker on June 11, 2016.
             Was a High Priest of Trog.
             Mangled by Maud
             ... wielding a +2 great mace
              (29 damage)
             ... on level 11 of the Dungeon.
             The game lasted 00:18:08 (10286 turns).

rockintein the Severer (Minotaur Berserker)        Turns: 10286, Time: 00:18:09

Health: -11/156    AC: 20    Str: 34    XL:     11   Next: 64%
Magic:  3/3        EV:  9    Int:  4    God:    Trog [*****.]
Gold:   399        SH:  0    Dex: 12    Spells: 0 memorised, 10 levels left

rFire  . . .     SeeInvis .     C - +6 executioner's axe (antimagic)
rCold  . . .     Gourm    +     s - +2 plate armour "Moigadu" {rPois Dex+2}
rNeg   . . .     Faith    .     (shield currently unavailable)
rPois  +         Spirit   .     (helmet restricted)
rElec  .         Dismiss  .     M - +0 cloak
rCorr  .         Reflect  .     (no gloves)
SustAt .         Harm     .     g - +0 pair of boots
MR     ++...                    q - amulet of the gourmand
Stlth  ..........               K - +4 ring of strength
                                H - ring of stealth

@: berserking, regenerating, very quick, very resistant to hostile enchantments,
extremely unstealthy
A: retaliatory headbutt, horns 2, high mp 1, screaming 1, wild magic 1
a: Berserk, Trog's Hand, Brothers in Arms, Burn Spellbooks, Renounce Religion


You were on level 11 of the Dungeon.
You worshipped Trog.
Trog was extremely pleased with you.
You were very full.

You visited 1 branch of the dungeon, and saw 11 of its levels.
You also visited: Bailey.

You collected 1084 gold pieces.
You spent 685 gold pieces at shops.

Inventory:

Hand Weapons
 p - a +2 flail of protection
 w - the +1 short sword "Yfrael" {drain, -Tele Str+4 Dex+4}
   (You found it on level 4 of the Dungeon)

   A truly terrible weapon, it drains the life of those it strikes.
   It affects your strength (+4).
   It affects your dexterity (+4).
   It prevents most forms of teleportation.
 A - a +1 battleaxe
 C - a +6 antimagic executioner's axe (weapon)
Missiles
 y - 33 tomahawks of returning (quivered)
Armour
 g - a +0 pair of boots (worn)
 s - the +2 plate armour "Moigadu" (worn) {rPois Dex+2}
   (You bought it in a shop on level 7 of the Dungeon)

   It affects your dexterity (+2).
   It protects you from poison.
 M - a +0 cloak (worn)
Rods
 L - a +2 iron rod (12/12)
   (You found it on level 11 of the Dungeon)
Jewellery
 q - an amulet of the gourmand (around neck)
 x - an uncursed amulet of guardian spirit {unknown}
 H - a ring of stealth (left hand)
 K - a +4 ring of strength (right hand)
Wands
 f - a wand of iceblast (2/15)
 D - a wand of slowing (16/48)
 E - a wand of lightning (11/15)
 F - a wand of iceblast (5/15)
 O - a wand of flame (25/48)
Scrolls
 b - 2 scrolls of fear
 e - 5 scrolls of teleportation
 k - 3 scrolls of magic mapping
 l - a scroll of vulnerability {unknown}
 m - 4 scrolls of remove curse
 u - a scroll of noise
 v - 2 scrolls of enchant armour
 J - a scroll of recharging
Potions
 d - a potion of cancellation
 h - 4 potions of curing
 i - a potion of brilliance
 o - 5 potions of flight
 t - a potion of berserk rage
 B - 2 potions of heal wounds
 G - 2 potions of degeneration {unknown}
Books
 a - the Almanac of Serendipity
   (You found it on level 8 of the Dungeon)

   Spells                             Type                      Level
   a - Apportation                    Translocation                1
   b - Blink                          Translocation                2
   c - Stone Arrow                    Conjuration/Earth            3
   d - Bolt of Magma                  Conjuration/Fire/Earth       5
   e - Shatter                        Earth                        9
   Trog disapproves of the use of such an item.
 r - a book of Fire

   Spells                             Type                      Level
   a - Ignite Poison                  Fire/Transmutation/Poison    3
   b - Fireball                       Conjuration/Fire             5
   c - Bolt of Fire                   Conjuration/Fire             6
   d - Delayed Fireball               Conjuration/Fire             7
   e - Ring of Flames                 Charms/Fire                  7
   Trog disapproves of the use of such an item.
 I - a book of Misfortune

   Spells                             Type                      Level
   a - Confusing Touch                Hexes                        2
   b - Confuse                        Hexes                        3
   c - Gell's Gravitas                Hexes/Translocation          3
   d - Petrify                        Transmutation/Earth          4
   e - Metabolic Englaciation         Hexes/Ice                    5
   f - Yara's Violent Unravelling     Hexes/Transmutation          5
   Trog disapproves of the use of such an item.
 N - a Necronomicon

   Spells                             Type                      Level
   a - Haunt                          Necromancy/Summoning         7
   b - Borgnjor's Revivification      Necromancy                   8
   c - Death's Door                   Charms/Necromancy            8
   d - Necromutation                  Transmutation/Necromancy     8
   Trog disapproves of the use of such an item.
Comestibles
 c - 10 bread rations
 j - 9 slices of pizza
 n - 7 meat rations
 z - 4 beef jerkies
 P - 2 chunks of flesh


   Skills:
 + Level 11.8 Fighting
 * Level 16.1 Axes
 + Level 11.6 Armour
 - Level 2.1 Dodging


You had 10 spell levels left.
You didn't know any spells.

Dungeon Overview and Level Annotations

Branches:
Dungeon (11/15)            Temple (0/1) D:5            Lair (0/8) D:10
    Orc (0/2) D:9

Altars:
Ashenzari
Dithmenos
Elyvilon
Fedhas
Makhleb
Nemelex Xobeh
Trog
Xom
Zin

Shops:
D:7 *[*[   D:9 *

Annotations:
D:5 1 runed door
D:11 Maud


Innate Abilities, Weirdness & Mutations

You reflexively headbutt those who attack you in melee.
You have a pair of horns on your head.
You have an increased reservoir of magic (+10% MP).
You occasionally shout uncontrollably at your foes.
Your spells are a little harder to cast, but a little more powerful.


Message History

You are too injured to fight recklessly!
You are too injured to fight recklessly!
You are too injured to fight recklessly!
You are too injured to fight recklessly!
Your skin crawls.
You feel resistant to hostile enchantments.
You feel slightly less full.
A red film seems to cover your vision as you go berserk!
You feel yourself moving faster!
You feel mighty!
Maud hits you with an enchanted great mace!
* * * LOW HITPOINT WARNING * * *
You hit Maud but do no damage.
Maud is heavily wounded.
Maud hits you but does no damage.
You barely miss Maud.
Maud is heavily wounded.
You slice Maud!! You headbutt Maud!
Maud is almost dead.
Maud hits you with an enchanted great mace!!
You die...

####'### #.## # #......#
##..) #
########......########..##
.......'......'.........#
########......#########.#
##'##### #.# #.# #)# #.#
#.# #@# ##'## #...@...#
#.... ######## #.......#
#.... #......# #.......+
#.... ###......+ +.......#
#.... #.'†.....# #.......#
#.... ..#......# #.......#
'.... .##......# #.......#
#.... ###......# #####


You could see Maud.

Vanquished Creatures
  2 unseen horrors
  3 hill giants
  Maurice (D:11)
  An elephant (D:10)
  Psyche (D:11)
  A troll (D:10)
  A wyvern (D:9)
  A wraith (D:9)
  8 yaks
  A hippogriff (D:8)
  A hog (D:11)
  A human (D:11)
  A hungry ghost (D:8)
  6 orc warriors
  2 sky beasts
  An eye of draining (D:10)
  4 ice beasts
  2 wasps
  A black bear (D:9)
  A phantom (D:8)
  3 ogres
  4 centaurs
  A crocodile (D:10)
  2 big kobolds
  6 giant frogs
  4 scorpions
  5 killer bees (D:9)
  8 wights
  5 howler monkeys
  3 crimson imps
  A giant frog zombie (D:6)
  3 jellies
  A centaur skeleton (D:4)
  5 hounds
  A centaur zombie (D:5)
  7 orc wizards
  A giant frog skeleton (D:10)
  6 orc priests
  Natasha (thrice) (D:2)
  Terence (D:2)
  2 iguanas
  7 worker ants
  2 sheep
  A mummy (D:7)
  A worker ant zombie (D:6)
  Robin (D:2)
  A howler monkey zombie (D:11)
  4 gnolls
  16 adders
  3 shadow imps
  An ooze (D:1)
  3 adder skeletons
  A worm (D:3)
  A dart slug (D:3)
  6 giant geckos
  31 orcs
  9 bats
  2 giant cockroaches
  16 goblins
  11 hobgoblins
  14 jackals
  2 ball pythons (D:3)
  A giant gecko skeleton (D:4)
  3 giant newts
  25 kobolds
  A quokka zombie (D:7)
  12 rats
  5 plants (D:8)
292 creatures vanquished.

Notes
Turn   | Place    | Note
--------------------------------------------------------------
     0 | D:1      | rockintein the Minotaur Berserker began the quest for the Orb.
     0 | D:1      | Reached XP level 1. HP: 19/19 MP: 0/0
   186 | D:1      | Reached XP level 2. HP: 27/27 MP: 1/1
   365 | D:1      | Reached skill level 4 in Axes
   912 | D:2      | Reached XP level 3. HP: 29/33 MP: 2/2
  1070 | D:2      | Reached ** piety under Trog
  1174 | D:2      | Reached skill level 5 in Axes
  1174 | D:2      | Reached XP level 4. HP: 25/41 MP: 3/3
  1395 | D:2      | Noticed Robin
  1408 | D:2      | Killed Robin
  1408 | D:2      | Reached *** piety under Trog
  1594 | D:2      | Found a shattered altar of Ashenzari.
  1598 | D:2      | Noticed Terence
  1680 | D:2      | Noticed Natasha
  1685 | D:2      | Killed Natasha
  1712 | D:2      | Killed Terence
  1712 | D:2      | Reached XP level 5. HP: 47/47 MP: 4/4
  1881 | D:2      | Noticed Natasha
  1889 | D:2      | Killed Natasha
  1889 | D:2      | Reached skill level 6 in Axes
  2296 | D:2      | Noticed Natasha
  2304 | D:2      | Killed Natasha
  2304 | D:2      | Reached skill level 5 in Fighting
  2533 | D:3      | Found a shadowy altar of Dithmenos.
  2587 | D:3      | Found a burning altar of Makhleb.
  2709 | D:3      | Gained mutation: You occasionally shout uncontrollably at your foes. [potion of mutation]
  2709 | D:3      | Gained mutation: Your spells are a little harder to cast, but a little more powerful. [potion of mutation]
  2709 | D:3      | Gained mutation: You have an increased reservoir of magic (+10% MP). [potion of mutation]
  2787 | D:3      | Reached XP level 6. HP: 52/56 MP: 5/5
  3200 | D:4      | Reached skill level 7 in Axes
  3380 | D:4      | Got a translucent short sword
  3381 | D:4      | Identified the cursed +1 short sword "Yfrael" {drain, -Tele Str+4 Dex+4} (You found it on level 4 of the Dungeon)
  3471 | D:5      | Entered Level 5 of the Dungeon
  3471 | D:5      | Found a white marble altar of Elyvilon.
  3557 | D:5      | Found a staircase to the Ecumenical Temple.
  3613 | D:5      | Reached XP level 7. HP: 55/62 MP: 6/6
  3617 | D:5      | Reached **** piety under Trog
  3620 | D:5      | Reached skill level 5 in Armour
  3809 | D:5      | Reached skill level 8 in Axes
  3881 | D:5      | Found a glowing silver altar of Zin.
  3882 | D:5      | Noticed an angel
  3884 | D:5      | Found a runed door.
  4176 | D:6      | Found a shimmering altar of Xom.
  4176 | D:6      | Found a glowing silver altar of Zin.
  4176 | D:6      | Noticed an angel
  4241 | D:6      | Reached skill level 9 in Axes
  4241 | D:6      | Reached XP level 8. HP: 68/71 MP: 7/7
  4253 | D:6      | Found a blossoming altar of Fedhas.
  4253 | D:6      | Found a sparkling altar of Nemelex Xobeh.
  4617 | D:6      | Killed an unseen horror
  4617 | D:6      | Reached skill level 10 in Axes
  4877 | D:7      | Found a flagged portal.
  4890 | Bailey   | Entered a bailey
  4955 | Bailey   | Reached skill level 10 in Fighting
  4955 | Bailey   | Reached skill level 13 in Axes
  4955 | Bailey   | Reached XP level 9. HP: 85/85 MP: 8/8
  5088 | Bailey   | Reached XP level 10. HP: 57/93 MP: 10/10
  5571 | D:7      | Found Feapnu's Armour Shoppe.
  5594 | D:7      | Found Xiylus's Assorted Antiques.
  5602 | D:7      | Reached skill level 10 in Armour
  5767 | D:7      | Found Kapsale's Antique Armour Shop.
  5769 | D:7      | Found Qatusu Qeogg's Assorted Antiques.
  5775 | D:7      | Bought an encrusted plate armour for 644 gold pieces
  5778 | D:7      | Bought a scroll labeled EROLES XEUREME for 22 gold pieces
  5778 | D:7      | Bought a bubbling purple potion for 19 gold pieces
  5899 | D:7      | Identified the +2 plate armour "Moigadu" {rPois Dex+2} (You bought it in a shop on level 7 of the Dungeon)
  5936 | D:7      | Reached ***** piety under Trog
  6161 | D:7      | Found Isuax's General Store.
  6259 | D:7      | Reached skill level 14 in Axes
  6715 | D:8      | Identified the Almanac of Serendipity (You found it on level 8 of the Dungeon)
  7521 | D:9      | Received a gift from Trog
  7913 | D:9      | Received a gift from Trog
  7956 | D:9      | Found Opoytel's General Store.
  8321 | D:9      | Found a staircase to the Orcish Mines.
  8437 | D:9      | Found a bloodstained altar of Trog.
  8543 | D:10     | Entered Level 10 of the Dungeon
  8543 | D:10     | Noticed a hill giant
  8546 | D:10     | Killed a hill giant
  8559 | D:10     | Noticed an elephant
  8565 | D:10     | Killed an elephant
  8565 | D:10     | Reached XP level 11. HP: 46/102 MP: 3/11
  8569 | D:10     | Reached skill level 15 in Axes
  8578 | D:10     | Found a staircase to the Lair.
  9375 | D:11     | Killed an unseen horror
  9512 | D:11     | Noticed Maurice
  9520 | D:11     | Killed Maurice
  9758 | D:11     | Noticed a hill giant
  9763 | D:11     | Killed a hill giant
 10040 | D:11     | Noticed a hill giant
 10046 | D:11     | Killed a hill giant
 10046 | D:11     | Reached skill level 16 in Axes
 10215 | D:11     | Noticed Psyche
 10220 | D:11     | Killed Psyche
 10274 | D:11     | Noticed Maud
 10286 | D:11     | Mangled by Maud

Skill      XL: |  1  2  3  4  5  6  7  8  9 10 11 |
---------------+----------------------------------+-----
Fighting       | 4 5 6 10 11 | 11.8
Axes           | 4 5 6 7 9 13 14 16 | 16.1
Armour         | 3 4 5 9 10 11 | 11.6
Dodging        | |  2.1

Action                   |  1- 3 |  4- 6 |  7- 9 | 10-12 || total
-------------------------+-------+-------+-------+-------++-------
Melee: Hand axe          |    66 |   177 |    58 |     9 ||   310
       Headbutt          |    12 |    28 |    49 |    78 ||   167
       Short sword       |       |    18 |    93 |       ||   111
       Battleaxe         |       |       |       |   183 ||   183
       Executioner's axe |       |       |       |   146 ||   146
Invok: Trog's Hand       |       |     1 |     1 |     4 ||     6
       Berserk           |       |     1 |       |     2 ||     3
  Use: Potion            |       |     8 |     3 |     2 ||    13
       Scroll            |       |     7 |     1 |     6 ||    14
  Eat: Chunk             |     1 |    10 |     4 |    34 ||    49
Armor: Animal skin       |     7 |       |       |       ||     7
       Ring mail         |    18 |    33 |       |       ||    51
       Chain mail        |       |    32 |       |       ||    32
       Plate armour      |       |    19 |   175 |   231 ||   425
Dodge: Dodged            |    44 |   103 |    85 |   158 ||   390
